 Dungeon Crawl Stone Soup version 0.23.0 (webtiles) character file.

Game seed: 9462909823080464346

148 Tiagovsky the Ruffian (level 5, -4/46 HPs)
             Began as a Ghoul Monk on Feb 9, 2019.
             Slain by a gnoll shaman
             ... wielding a +0 whip
              (5 damage)
             ... on level 3 of the Dungeon.
             The game lasted 00:07:39 (3142 turns).

Tiagovsky the Ruffian (Ghoul Monk)                  Turns: 3142, Time: 00:07:40

Health: -4/46      AC:  5    Str: 16    XL:     5   Next: 30%
Magic:  4/4        EV: 12    Int:  5    God:
Gold:   176        SH:  0    Dex: 11    Spells: 4/4 levels left

rFire    + . .     SeeInvis .     - Unarmed
rCold    + + .     Gourm    .   (no shield)
rNeg     + + +     Faith    .   d - +0 ring mail
rPois    ∞         Spirit   .   (no helmet)
rElec    .         Reflect  .   (no cloak)
rCorr    .         Harm     .   (no gloves)
MR       .....                  (no boots)
Stlth    ++........             (no amulet)
HPRegen  0.00/turn              c - ring of protection from fire (curse)
MPRegen  0.09/turn              o - ring of protection from cold

@: rotting
A: rotting body, claws 1, carnivore, cold resistance 1, negative energy
resistance 3, inhibited regeneration, torment resistance, unbreathing
a: no special abilities


You were on level 3 of the Dungeon.
You were not hungry.

You visited 1 branch of the dungeon, and saw 3 of its levels.

You collected 176 gold pieces.

Inventory:

Hand Weapons
 q - a +0 hunting sling
Missiles
 e - 51 stones (quivered)
 n - 27 sling bullets
Armour
 d - a +0 ring mail (worn)
Jewellery
 c - a cursed ring of protection from fire (left claw)
 o - a ring of protection from cold (right claw)
Scrolls
 a - a scroll of fog {unknown}
 f - 4 scrolls of identify {unknown}
 g - 2 scrolls of blinking {unknown}
 i - a scroll of remove curse {unknown}
Potions
 h - a potion of flight {unknown}
 j - a potion of curing {unknown}
 k - 2 potions of berserk rage {unknown}
 l - a potion of agility {unknown}
 m - 2 potions of haste {unknown}
 r - a potion of cancellation {unknown}
Comestibles
 b - 6 rations
 p - a chunk of flesh


   Skills:
 + Level 4.2 Fighting
 + Level 3.5 Dodging
 + Level 3.7 Stealth
 + Level 4.2 Unarmed Combat


You had 4 spell levels left.
You didn't know any spells.
Your spell library was empty.

Dungeon Overview and Level Annotations

Branches:
Dungeon (3/15)

Altars:
Ru

Annotations:
D:3 Terence


Innate Abilities, Weirdness & Mutations

Your body is rotting away.
You thrive on raw meat.
You are immune to poison.
You have sharp fingernails.
You are carnivorous and can eat meat at any time.
Your flesh is cold resistant. (rC+)
You are immune to negative energy. (rN+++)
You do not regenerate when monsters are visible.
You are immune to unholy pain and torment.
You can survive without breathing.


Message History

You claw the gnoll!
You kill the gnoll!
The gnoll shaman hits you with a +0 club.
The gnoll hits you from afar with a +0 halberd.
The gnoll shaman hits you with a +0 whip!
* * * LOW HITPOINT WARNING * * *
Unknown command.
You barely miss the gnoll.
The gnoll sergeant completely misses you.
The gnoll hits you but does no damage.
The gnoll shaman hits you but does no damage.
The gnoll hits you with a +0 flail!
* * * LOW HITPOINT WARNING * * *
Unknown command.
You open the door.
The gnoll shaman hits you with a +0 whip.
* * * LOW HITPOINT WARNING * * *
You closely miss the gnoll shaman.
The gnoll shaman hits you with a +0 whip.
You die... ######++##### ............ .......ggg. ..gggggg gg.gg

##gg## #..g)#######
+..g@g.....+ #....#######
#############''''#########
#.........................
#≈≈≈≈≈≈≈≈≈≈≈≈....≈≈≈≈≈≈≈≈≈
≈≈≈≈≈≈≈≈≈≈≈≈≈....≈≈≈≈≈≈≈≈≈
≈≈≈≈≈≈≈≈≈≈≈≈≈....≈≈≈≈≈≈≈≈≈
............))............
.........######.##########


You could see a gnoll sergeant, 2 gnoll shamans and 10 gnolls.

Vanquished Creatures
  A bullfrog zombie (D:2)
  3 gnolls (D:3)
  2 adders (D:2)
  4 worms (D:2)
  3 dart slugs
  2 orcs (D:3)
  2 ball pythons
  5 bats
  3 giant cockroaches
  4 goblins
  5 hobgoblins
  4 jackals (D:3)
  3 kobolds
  A quokka (D:2)
  5 frilled lizards
  5 rats
52 creatures vanquished.

Notes
Turn   | Place    | Note
-------+----------+-------------------------------------------
     0 | D:1      | Tiagovsky the Ghoul Monk began the quest for the Orb.
     0 | D:1      | Reached XP level 1. HP: 19/19 MP: 0/0
   353 | D:1      | Reached XP level 2. HP: 26/26 MP: 1/1
   893 | D:1      | Reached XP level 3. HP: 26/31 MP: 2/2
  1590 | D:2      | Reached XP level 4. HP: 12/40 MP: 3/3
  2121 | D:2      | Found a sacrificial altar of Ru.
  2874 | D:3      | Noticed Terence
  2880 | D:3      | Reached XP level 5. HP: 37/46 MP: 4/4
  3141 | D:3      | HP: 1/46 [gnoll shaman/+0 whip (2)]
  3142 | D:3      | Slain by a gnoll shaman

Skill      XL: |  1  2  3  4 |
---------------+-------------+-----
Dodging        | 3 |  3.5
Stealth        | 3 |  3.7
Unarmed Combat | 4 |  4.2
Fighting       | 4 |  4.2

Action                   |  1- 3 |  4- 6 || total
-------------------------+-------+-------++-------
Melee: Unarmed           |    93 |   114 ||   207
       Punch             |       |     2 ||     2
 Fire: Hunting sling     |       |     2 ||     2
Throw: Stone             |     4 |     4 ||     8
 Stab: Sleeping          |     2 |     1 ||     3
  Eat: Chunk             |     8 |     2 ||    10
Armor: Ring mail         |    26 |    40 ||    66
Dodge: Dodged            |    50 |    73 ||   123
